 Dungeon Crawl Stone Soup version 0.18.1-6-gd335043 (webtiles) character file.

4426 mistymad the Blocker (level 10, -6/65 HPs)
             Began as a Gargoyle Fighter on May 21, 2016.
             Was a Priest of Okawaru.
             Mangled by a warg (8 damage)
             ... on level 8 of the Dungeon.
             The game lasted 00:18:58 (7960 turns).

mistymad the Blocker (Gargoyle Fighter)             Turns: 7960, Time: 00:18:59

Health: -6/65      AC: 25    Str: 19    XL:     10   Next: 36%
Magic:  10/10      EV:  5    Int: 10    God:    Okawaru [***...]
Gold:   446        SH: 11    Dex: 12    Spells: 0 memorised, 9 levels left

rFire  . . .     SeeInvis .     O - +0 mace (crush)
rCold  . . .     Gourm    .     Q - +0 plate armour
rNeg   + . .     Faith    .     c - +0 shield
rPois  ∞         Spirit   .     (no helmet)
rElec  +         Dismiss  .     P - +0 cloak {+Inv}
rCorr  .         Reflect  .     R - +0 pair of gloves
SustAt .         Harm     .     N - +0 pair of boots
MR     .....                    (no amulet)
Stlth  ..........               (no ring)
                                (no ring)

@: not resistant to hostile enchantments, extremely unstealthy
A: negative energy resistance 1, electricity resistance, unbreathing,
petrification resistance, rot immunity, AC +7
a: Heroism, Renounce Religion, Evoke Invisibility


You were on level 8 of the Dungeon.
You worshipped Okawaru.
Okawaru was most pleased with you.
You were not hungry.

You visited 2 branches of the dungeon, and saw 9 of its levels.

You collected 446 gold pieces.

Inventory:

Hand Weapons
 O - a +0 mace of crushing (weapon)
Armour
 c - a +0 shield (worn)
 N - a +0 pair of boots (worn)
 P - a +0 cloak of invisibility (worn)
 Q - a +0 plate armour (worn)
 R - a +0 pair of gloves (worn)
Jewellery
 b - a +4 ring of evasion {unknown}
 e - a +3 ring of strength {unknown}
 u - a +3 ring of dexterity {unknown}
 x - an uncursed ring of flight {unknown}
 y - an uncursed ring of magical power {unknown}
 G - a cursed ring of teleportation {unknown}
 H - a cursed amulet of inaccuracy {unknown}
 K - a +3 ring of intelligence {unknown}
Wands
 a - a wand of iceblast (3/15)
 B - a wand of lightning (11/15)
 L - a wand of digging (9/24)
Scrolls
 h - a scroll of random uselessness {unknown}
 i - a scroll of recharging {unknown}
 n - 9 scrolls of identify {unknown}
 o - 2 scrolls of magic mapping {unknown}
 p - 2 scrolls of fear {unknown}
 q - a scroll of fog {unknown}
 r - 5 scrolls of teleportation {unknown}
 t - 5 scrolls of blinking {unknown}
 v - 5 scrolls of remove curse {unknown}
 w - a scroll of enchant weapon {unknown}
 J - 2 scrolls of noise {unknown}
 T - a scroll of enchant armour {unknown}
Potions
 j - a potion of degeneration {unknown}
 k - a potion of flight {unknown}
 l - 7 potions of curing {unknown}
 s - a potion of lignification {unknown}
 z - a potion of cancellation {unknown}
 C - a potion of mutation {unknown}
 D - 3 potions of beneficial mutation {unknown}
 E - 2 potions of heal wounds {unknown}
 F - 2 potions of haste {unknown}
 I - a potion of resistance
 V - 2 potions of might
Books
 U - a book of Beasts

   Spells                             Type                      Level
   a - Summon Butterflies             Summoning                    1
   b - Call Canine Familiar           Summoning                    3
   c - Summon Ice Beast               Ice/Summoning                4
   d - Summon Mana Viper              Hexes/Summoning              5
   e - Summon Hydra                   Summoning                    7
Comestibles
 d - a royal jelly
 f - 7 bread rations
 g - a meat ration
 m - 6 fruits
 A - 2 slices of pizza
 M - 4 chunks of flesh
 S - a beef jerky


   Skills:
 + Level 8.6 Fighting
 + Level 7.7 Maces & Flails
 + Level 8.6 Armour
 + Level 9.1 Shields


You had 9 spell levels left.
You didn't know any spells.

Dungeon Overview and Level Annotations

Branches:
Dungeon (8/15)             Temple (1/1) D:5            Lair (0/8) D:8

Altars:
Ashenzari
Cheibriados
Dithmenos
Elyvilon
Fedhas
Gozag
Kikubaaqudgha
Makhleb
Nemelex Xobeh
Okawaru
Pakellas
Qazlal
Ru
Sif Muna
Trog
Vehumet
Xom
Yredelemnul
Zin
The Shining One

Annotations:
D:8 exclusion: statue


Innate Abilities, Weirdness & Mutations

You are resistant to torment.
Your stone body is resilient (AC +7).
You are immune to poison.
You resist negative energy.
You are resistant to electric shocks.
You can survive without breathing.
You are immune to petrification.
You are immune to rotting.


Message History

You block the warg's attack.
You hit the warg.
The warg is severely wounded.
The warg bites you but does no damage. x2
You sock the warg!
You kill the warg!
Okawaru accepts your kill.
You completely miss the warg. The warg bites you!
* * * LOW HITPOINT WARNING * * *
Your plate armour prevents you from hitting the warg.
The warg bites you.
* * * LOW HITPOINT WARNING * * *
The warg bites you but does no damage.
You hit the warg.
The warg is lightly wounded.
The warg bites you but does no damage.
You barely miss the warg.
The warg is lightly wounded.
The warg bites you!
You die...

#.. #.#####..###.###.####...#
#.. #...# #............####.#
#.. #.#.####..##.#####.#....#
.##.##...#..............#.####
##
.......###.###..#.#######...#
#. ######.....# ##.......#
###.####. ####### #...###.#
#.((... ##....#.# ###..).
#########@.#.#.# #.#..
...P....h#.#.#.#######.###
≈≈≈≈≈...h#...#......#.....
≈≈≈≈≈....#.###..###.#####.
##≈≈....#># #..###.....#.
#≈≈....### #....#####.#.
#≈≈....# ##.#.# #.#.
###≈≈P...# #...# #.#.
#.≈≈≈....# ##### #...


You could see 2 wargs.

Vanquished Creatures
  Joseph (D:8)
  2 trolls
  A wyvern (D:8)
  The ghost of herpmino the Skirmisher, an amateur GrAs of the Shining One (D:3)
  Menkaure (D:7)
  2 wargs (D:8)
  2 ice beasts
  A phantom (D:5)
  An orc warrior (D:7)
  3 wolves (D:8)
  2 centaurs
  4 ogres
  2 crocodiles (D:7)
  A big kobold (D:7)
  4 giant frogs
  A scorpion (D:7)
  8 killer bees
  7 hounds
  8 orc wizards
  An orc priest (D:3)
  A gnoll shaman (D:5)
  A jelly (D:8)
  Crazy Yiuf (D:6)
  Natasha (twice) (D:2)
  An iguana (D:6)
  A worker ant (D:5)
  2 hound zombies (D:6)
  A hound skeleton (D:5)
  A worker ant zombie (D:7)
  11 adders
  17 gnolls
  A howler monkey skeleton (D:7)
  A shadow imp (D:7)
  3 oozes
  4 worms
  2 dart slugs
  2 giant geckos
  24 orcs
  5 bats
  5 giant cockroaches
  3 goblins
  14 hobgoblins
  14 jackals
  3 quokkas
  3 ball pythons
  5 giant newts
  A jackal zombie (D:5)
  26 kobolds
  6 rats
  3 plants (D:7)
217 creatures vanquished.

Vanquished Creatures (others)
  A jelly (D:7)
  A plant (D:8)
2 creatures vanquished.

Grand Total: 219 creatures vanquished

Notes
Turn   | Place    | Note
--------------------------------------------------------------
     0 | D:1      | mistymad the Gargoyle Fighter began the quest for the Orb.
     0 | D:1      | Reached XP level 1. HP: 14/14 MP: 1/1
   137 | D:1      | Reached XP level 2. HP: 19/19 MP: 2/2
   479 | D:1      | Reached XP level 3. HP: 22/23 MP: 3/3
   665 | D:2      | Noticed Natasha
   676 | D:2      | Killed Natasha
   676 | D:2      | Reached skill level 4 in Shields
   676 | D:2      | Reached XP level 4. HP: 19/29 MP: 4/4
  1328 | D:2      | Noticed Natasha
  1339 | D:2      | Killed Natasha
  1339 | D:2      | Reached XP level 5. HP: 26/33 MP: 5/5
  1508 | D:3      | Noticed herpmino's ghost (amateur GrAs)
  1536 | D:3      | Killed herpmino's ghost
  1536 | D:3      | Reached skill level 5 in Shields
  1536 | D:3      | Reached XP level 6. HP: 28/39 MP: 6/6
  2265 | D:4      | Found a sparkling altar of Nemelex Xobeh.
  2483 | D:4      | Found a sacrificial altar of Ru.
  2501 | D:4      | Found a shattered altar of Ashenzari.
  2506 | D:4      | Found a snail-covered altar of Cheibriados.
  2512 | D:4      | Found a shimmering altar of Xom.
  2928 | D:5      | Entered Level 5 of the Dungeon
  3005 | D:5      | Reached skill level 5 in Fighting
  3123 | D:5      | Reached XP level 7. HP: 41/44 MP: 7/7
  3165 | D:5      | Reached skill level 5 in Armour
  3604 | D:5      | Found a staircase to the Ecumenical Temple.
  3692 | Temple   | Entered the Ecumenical Temple
  3945 | Temple   | Became a worshipper of Warmaster Okawaru
  4063 | D:5      | Reached skill level 6 in Shields
  4311 | D:6      | Reached * piety under Okawaru
  4311 | D:6      | Reached XP level 8. HP: 32/51 MP: 8/8
  4499 | D:6      | Noticed a troll
  4511 | D:6      | Killed a troll
  4511 | D:6      | Reached skill level 5 in Maces & Flails
  4576 | D:6      | Found a shattered altar of Ashenzari.
  4887 | D:6      | Reached skill level 7 in Shields
  4938 | D:6      | Noticed Crazy Yiuf
  4949 | D:6      | Killed Crazy Yiuf
  5121 | D:6      | Reached XP level 9. HP: 26/56 MP: 9/9
  5140 | D:6      | Reached ** piety under Okawaru
  6001 | D:7      | Noticed Menkaure
  6016 | D:7      | Killed Menkaure
  6080 | D:6      | Reached skill level 8 in Shields
  6398 | D:7      | Found an opulent altar of Gozag.
  6657 | D:7      | Reached *** piety under Okawaru
  7391 | D:8      | Reached XP level 10. HP: 64/64 MP: 7/10
  7716 | D:8      | Found a staircase to the Lair.
  7737 | D:8      | Noticed Joseph
  7759 | D:8      | Killed Joseph
  7759 | D:8      | Reached skill level 9 in Shields
  7841 | D:8      | Found a radiant altar of Vehumet.
  7958 | D:8      | HP: 2/65 [warg (6)]
  7960 | D:8      | Mangled by a warg

Skill      XL: |  1  2  3  4  5  6  7  8  9 10 |
---------------+-------------------------------+-----
Shields        | 4 5 6 7 8 9 |  9.1
Armour         | 4 5 6 8 |  8.6
Fighting       | 4 5 6 8 |  8.6
Maces & Flails | 3 4 5 7 |  7.7

Action                   |  1- 3 |  4- 6 |  7- 9 | 10-12 || total
-------------------------+-------+-------+-------+-------++-------
Melee: Flail             |    77 |   234 |    37 |       ||   348
       Whip              |       |       |   140 |       ||   140
       Mace              |       |       |   411 |   162 ||   573
Invok: Heroism           |       |       |     8 |     1 ||     9
  Use: Potion            |       |       |     1 |       ||     1
  Eat: Chunk             |       |     8 |    14 |     3 ||    25
Armor: Scale mail        |    52 |   108 |   159 |       ||   319
       Plate armour      |       |       |   143 |   146 ||   289
Dodge: Dodged            |    22 |    63 |   139 |    43 ||   267
Block: Shield            |    41 |   121 |   274 |   135 ||   571
